 Dungeon Sprint DCSS version 0.26-a0-708-g17f3b190f9 (webtiles) character file.

Game seed: 1279130414466764773

16 mhtbhm the Skirmisher (level 2, -4/28 HPs)
             Began as a Draconian Berserker on Oct 29, 2020.
             Was a Priest of Trog.
             Slain by an ice beast (12 damage)
             ... in the Dungeon (Sprint IX: "|||||||||||||||||||||||||||||").
             The game lasted 00:00:10 (96 turns).

mhtbhm the Skirmisher (Draconian Berserker)           Turns: 96, Time: 00:00:12

Health: -4/28      AC:  4    Str: 19    XL:     2   Next: 37%
Magic:  2/2        EV: 13    Int:  7    God:    Trog [***...]
Gold:   0          SH:  0    Dex: 10    Spells: 1/1 levels left

rFire    . . .     SeeInvis .   a - +0 spear
rCold    . . .     Faith    .   (no shield)
rNeg     . . .     Spirit   .   (armour unavailable)
rPois    .         Reflect  .   (helmet restricted)
rElec    .         Harm     .   (no cloak)
rCorr    .         Rampage  .   (no gloves)
MR       .....     NoTele   +   (no boots)
Stlth    +.........             (no amulet)
HPRegen  0.09/turn              (no ring)
MPRegen  0.08/turn              (no ring)

@: berserk cooldown, slowed, very slow
A: unfitting armour, cold-blooded, AC +4
a: Berserk, Trog's Hand, Renounce Religion


You were in the Dungeon.
You worshipped Trog.
Trog was most pleased with you.
You visited 1 branch

Inventory:

Hand Weapons
 a - a +0 spear (weapon)
Scrolls
 g - a scroll of blinking
Potions
 b - a potion of curing
 d - a potion of haste
 e - 2 potions of magic
 f - a potion of berserk rage


   Skills:
 + Level 4.4 Fighting
 + Level 4.2 Polearms
 + Level 3.7 Dodging


You had one spell level left.
You didn't know any spells.
Your spell library was empty.

Dungeon Overview and Level Annotations

Branches:
Dungeon (1/1)

Altars:


Innate Abilities, Weirdness & Mutations

Your plain brown scales are hard. (AC +4)
You cannot fit into any form of body armour.
You are cold-blooded and may be slowed by cold attacks.


Message History

Okay, then.
You feel much better. The ice beast closely misses you.
The ice beast barely misses you.
Unknown command.
You hit the ice beast.
Your tail-slap misses the ice beast.
The ice beast is heavily wounded.
The ice beast closely misses you.
You hit the ice beast but do no damage.
The ice beast is heavily wounded.
The ice beast hits you but does no damage.
The ice beast hits you. The ice beast freezes you!
You hit the ice beast. You tail-slap the ice beast.
The ice beast is severely wounded.
The ice beast closely misses you.
You hit the ice beast.
The ice beast is severely wounded.
The ice beast hits you.
* * * LOW HITPOINT WARNING * * *
The ice beast freezes you!
You die...

▓+▓
▓.▓
▓.▓
▓.▓
▓Z▓
▓S▓
▓Y▓
▓@▓
▓.▓
▓.▓
▓)▓
▓)▓
▓(▓
▓.▓
▓.▓
▓.▓


You could see an ice beast, an adder and an adder skeleton.

Vanquished Creatures
  An adder (D)
  2 goblins (D)
  A hobgoblin (D)
  A kobold (D)
  A frilled lizard (D)
  A leopard gecko skeleton (D)
7 creatures vanquished.

Notes
Turn   | Place    | Note
-------+----------+-------------------------------------------
     0 | D        | mhtbhm the Draconian Berserker began the quest for the Orb.
     0 | D        | Reached XP level 1. HP: 19/19 MP: 1/1
    14 | D        | Reached ** piety under Trog
    72 | D        | Noticed an ice beast
    84 | D        | Reached *** piety under Trog
    84 | D        | Reached XP level 2. HP: 28/28 MP: 2/2
    96 | D        | Slain by an ice beast

Illustrated notes

Levels and vault maps discovered:
D:        linesprint [early_d, line_temple, items_1, d_10, items_2, lair_1,
          lair_end, items_3, orc_1, orc_end, items_4, d_15, swamp_1, shoals_1,
          snake_1, spider_1, d_20, vaults_1, items_5, swamp_end, shoals_end,
          snake_end, spider_end, vaults_end, d_27, items_6, zot_1, zot_end,
          crypt_end, forest_end, elf_end, slime_end, tomb_end, abyss_end,
          pan_hell_end]

Skill      XL: |  1 |
---------------+----+-----
Dodging        | 3 |  3.7
Fighting       | 4 |  4.4
Polearms       | 4 |  4.2

Action                   || total
-------------------------++-------
Melee: Spear             ||    35
       Tailslap          ||     2
Invok: Berserk           ||     1
  Use: Potion            ||     1
Armor: Skin              ||     6
Dodge: Dodged            ||    15

Table legend: (Time is in decaauts)
 A = Elapsed time spent in this place.
 B = Non-inter-level travel time spent in this place.
 C = Inter-level travel time spent in this place.
 D = Time resting spent in this place.
 E = Time spent auto-exploring this place.
 F = Levels seen in this place.
 G = Mean time per level.
                   A        B        C        D        E       F      G
               +--------+--------+--------+--------+--------+-----+--------+
         Total |     92 |     92 |      0 |     49 |      3 |   1 |   92.0 |
       Dungeon |     92 |     92 |      0 |     49 |      3 |   1 |   92.0 |
               +--------+--------+--------+--------+--------+-----+--------+

Top non-repeatable levels by time:
       D: 92 daAuts
